 Dungeon Crawl Stone Soup version 0.29-a0-1008-g949cc1d0fb (webtiles) character file.

Game seed: 14820677006007626990

1559 RevDB the Trooper (level 8, -8/73 HPs)
             Began as a Green Draconian Conjurer on Aug 7, 2022.
             Was a Believer of Cheibriados.
             Mangled by an orc warrior
             ... wielding a +0 long sword
              (18 damage)
             ... on level 6 of the Dungeon.
             The game lasted 00:32:58 (5625 turns).

RevDB the Trooper (Green Draconian Conjurer)        Turns: 5625, Time: 00:32:59

Health: -8/73      AC:  7    Str: 14    XL:     8   Next: 58%
Magic:  11/11      EV: 12    Int: 26    God:    Cheibriados [**....]
Gold:   355        SH:  0    Dex: 15    Spells: 4/11 levels left

rFire   . . .      SeeInvis .   C - +8 sling "Xixiucof" {vorpal, Stlth+}
rCold   . . .      Faith    +   (no shield)
rNeg    + . .      Spirit   .   (body armour unavailable)
rPois   +          Reflect  .   (helmet restricted)
rElec   .          Harm     .   (no cloak)
rCorr   .          Rampage  .   (no gloves)
Will    .....                   p - +0 pair of boots
Stlth   +++.......              l - amulet of faith
HPRegen 0.22/turn               k - ring of positive energy
MPRegen 0.12/turn               D - ring of wizardry

@: very slow
A: breathe noxious fumes, AC +6, unfitting armour, poison resistance,
cold-blooded
a: Breathe Noxious Fumes, Renounce Religion, Bend Time


You were on level 6 of the Dungeon.
You worshipped Cheibriados.
Cheibriados was pleased with you.
You visited 2 branches of the dungeon, and saw 7 of its levels.
You also visited: Sewer.

You collected 383 gold pieces.
You spent 28 gold pieces at shops.

Inventory:

Hand Weapons
 c - a +0 dagger
 g - a +0 rapier
 n - a +2 dagger of electrocution
 o - a +1 short sword of draining
 C - the +8 sling "Xixiucof" (weapon) {vorpal, Stlth+}
   (You found it on level 5 of the Dungeon)

   Any ammunition fired from it inflicts extra damage upon your enemies.
   Stlth:     It makes you more stealthy.
Armour
 p - a +0 pair of boots (worn)
 B - a +0 kite shield
Jewellery
 k - a ring of positive energy (left hand)
 l - an amulet of faith (around neck)
 x - a ring of flight
 D - a ring of wizardry (right hand)
Wands
 q - a wand of flame (43)
 E - a wand of mindburst (13)
 F - a wand of iceblast (8)
Scrolls
 e - a scroll of vulnerability
 h - a scroll of noise {unknown}
 i - 2 scrolls of enchant weapon {unknown}
 j - 3 scrolls of magic mapping
 r - 3 scrolls of teleportation {unknown}
 s - a scroll of butterflies {unknown}
 y - a scroll of enchant armour {unknown}
 z - a scroll of identify
 A - a scroll of fear {unknown}
Potions
 a - 4 potions of magic
 b - 3 potions of ambrosia {unknown}
 d - 3 potions of haste
 f - a potion of curing {unknown}
 m - a potion of heal wounds {unknown}
 t - 2 potions of might
 u - 2 potions of invisibility
 v - a potion of experience {unknown}
 w - a potion of mutation {unknown}
 G - a potion of lignification {unknown}


   Skills:
 - Level 7.0 Fighting
 - Level 1.7 Dodging
 - Level 1.7 Stealth
 - Level 2.0 Spellcasting
 + Level 6.9 Conjurations
 + Level 6.4 Fire Magic


You had 4 spell levels left.
You knew the following spells:

 Your Spells              Type           Power      Damage    Failure   Level
a - Magic Dart            Conj           100%       1d8       1%          1
b - Searing Ray           Conj           76%        2d7       1%          2
c - Sticky Flame          Conj/Fire      37%        2d6       2%          4

Your spell library contained the following spells:

 Spells                   Type           Power      Damage    Failure   Level
 Static Discharge         Conj/Air       20%        3-6/arc   1%          2
 Dazzling Flash           Conj/Hex       40%        N/A       3%          3
 Fulminant Prism          Conj/Hex       10%        3d9       11%         4
 Iskenderun's Mystic Bla  Conj/Tloc      20%        2d6       11%         4
 Dispel Undead            Necr           2%         3d7       38%         4


Dungeon Overview and Level Annotations

Branches:
Dungeon (6/15)             Temple (1/1) D:4           Sewer (visited)

Altars:
Ashenzari
Cheibriados
Elyvilon
Fedhas
Gozag
Hepliaklqana
Kikubaaqudgha
Makhleb
Okawaru
Ru
Uskayaw
Vehumet
Wu Jian
Xom
Yredelemnul
Zin
The Shining One

Shops:
D:1 =:*

Annotations:
D:6 Pikel


Innate Abilities, Weirdness & Mutations

You can breathe blasts of noxious fumes.
Your lurid green scales are hard. (AC +6)
You cannot fit into any form of body armour.
Your system is resistant to poisons. (rPois)
You are cold-blooded and may be slowed by cold attacks.


Message History

Cheibriados thoroughly appreciates the change of pace.
A lemure comes into view.
The orc warrior closely misses you.
Fire: C) +8 sling "Xixiucof" {vorpal, Stlth+}
Press: ? - help, Q - select action, (/) - cycle Shift-Dir - straight line, f/p - Pikel
Aim: Pikel, wielding a +2 whip of flaming and wearing a +0 robe (62% to hit)
You shoot a sling bullet.
The sling bullet closely misses the orc warrior.
The sling bullet hits Pikel.
Pikel is lightly wounded.
The orc warrior hits you with a +0 long sword.
* * * LOW HITPOINT WARNING * * *
Fire: C) +8 sling "Xixiucof" {vorpal, Stlth+}
Press: ? - help, Q - select action, (/) - cycle Shift-Dir - straight line, f/p - Pikel
Aim: Pikel, wielding a +2 whip of flaming and wearing a +0 robe (lightly wounded, 62% to hit)
You shoot a sling bullet. The sling bullet hits the orc warrior.
The orc warrior is severely wounded.
The orc warrior barely misses you.
A lemure comes into view.
The orc warrior hits you with a +0 long sword.
* * * LOW HITPOINT WARNING * * *
A lemure comes into view.
Fire: C) +8 sling "Xixiucof" {vorpal, Stlth+}
Press: ? - help, Q - select action, (/) - cycle Shift-Dir - straight line, f/p - Pikel
Aim: Pikel, wielding a +2 whip of flaming and wearing a +0 robe (lightly wounded, 62% to hit)
You shoot a sling bullet.
The sling bullet barely misses the orc warrior.
The lemure shouts! x2
You hear a shout!
The orc warrior completely misses you.
Fire: C) +8 sling "Xixiucof" {vorpal, Stlth+}
Press: ? - help, Q - select action, (/) - cycle Shift-Dir - straight line, f/p - Pikel
Aim: Pikel, wielding a +2 whip of flaming and wearing a +0 robe (lightly wounded, 62% to hit)
You shoot a sling bullet.
The sling bullet hits the orc warrior but does no damage.
The orc warrior is severely wounded.
The orc warrior hits you with a +0 long sword.
* * * LOW HITPOINT WARNING * * *
The orc warrior hits you with a +0 long sword!!
You die...

##################
#))...........##..
#)###########.##.#
#)# ..#.##.# #.#
#.#.##.. #@#
#.#.#### #o#
#....... #{#
#.#.###≈ #K#
...#.#.~≈ #5#
#######.#.#. #5#
).......#.#. .5.
########.... .....
#..## ......# #..#


You could see Pikel, an orc warrior and 3 lemures.

Vanquished Creatures
  An ice beast (D:6)
  A black bear (D:4)
  2 ogres
  A centaur (D:5)
  3 kobold brigands
  3 scorpions
  A hound (D:4)
  2 orc priests (D:5)
  A gnoll bouda (D:6)
  3 jellies
  4 iguanas
  Terence (D:2)
  3 orc wizards
  10 adders
  7 gnolls
  A river rat (D:3)
  2 white imps
  3 worms
  A dart slug (D:4)
  16 orcs
  10 ball pythons
  10 bats
  10 endoplasms
  5 giant cockroaches
  6 goblins
  3 hobgoblins
  5 jackals
  17 kobolds
  2 quokkas
  2 frilled lizards
  12 rats
148 creatures vanquished.

Vanquished Creatures (others)
  2 fungi (Sewer)
  A plant (Sewer)
3 creatures vanquished.

Grand Total: 151 creatures vanquished

Notes
Turn   | Place    | Note
-------+----------+-------------------------------------------
     0 | D:1      | RevDB the Draconian Conjurer began the quest for the Orb.
     0 | D:1      | Reached XP level 1. HP: 14/14 MP: 3/3
   249 | D:1      | Found Meucrom's Jewellery Shop.
   258 | D:1      | Reached XP level 2. HP: 20/20 MP: 0/5
   284 | D:1      | Learned a level 2 spell: Searing Ray
   359 | D:1      | Found a faded altar of an unknown god.
   435 | D:1      | Found Cetwehi's Book Shop.
   521 | D:1      | Found Plog's General Store.
   551 | D:1      | Bought a scroll of identify for 28 gold pieces
   730 | D:2      | Noticed Terence
   738 | D:2      | Reached skill level 5 in Conjurations
   738 | D:2      | Reached XP level 3. HP: 23/26 MP: 0/6
  1537 | D:2      | Reached XP level 4. HP: 33/33 MP: 7/7
  1583 | D:2      | Killed Terence
  1998 | D:3      | Reached skill level 1 in Fighting
  2107 | D:3      | Reached skill level 2 in Fighting
  2129 | D:3      | Reached XP level 5. HP: 27/41 MP: 4/8
  2144 | D:3      | Found a glowing drain.
  2148 | Sewer    | Entered a sewer
  2265 | Sewer    | Reached skill level 3 in Fighting
  2476 | Sewer    | Reached skill level 4 in Fighting
  2476 | Sewer    | Reached XP level 6. HP: 12/53 MP: 4/9
  3259 | D:3      | Reached skill level 5 in Fighting
  3502 | D:4      | Found a shimmering altar of Xom.
  3714 | D:4      | Reached skill level 6 in Fighting
  3885 | D:4      | Your scales start taking on a lurid green colour.
  3885 | D:4      | Reached XP level 7. HP: 64/64 MP: 6/10
  3885 | D:4      | Gained mutation: Your system is resistant to poisons.
                  | (rPois) [Green Draconian growth]
  3896 | D:4      | Found an iron altar of Okawaru.
  3981 | D:4      | Found a staircase to the Ecumenical Temple.
  3990 | Temple   | Entered the Ecumenical Temple
  3995 | Temple   | Became a worshipper of Cheibriados the Contemplative
  4241 | D:4      | Found a hazy altar of Hepliaklqana.
  4241 | D:4      | Found a radiant altar of Vehumet.
  4246 | D:4      | Found a white marble altar of Elyvilon.
  4248 | D:4      | Found an ornate altar of the Wu Jian Council.
  4249 | D:4      | Found a glowing golden altar of the Shining One.
  4354 | D:5      | Entered Level 5 of the Dungeon
  4376 | D:5      | Reached skill level 1 in Fire Magic
  4626 | D:5      | Learned a level 4 spell: Sticky Flame
  4673 | D:5      | Identified the +8 sling "Xixiucof" {vorpal, Stlth+}
  4720 | D:5      | Reached * piety under Cheibriados
  4948 | D:5      | Reached skill level 5 in Fire Magic
  4968 | D:5      | Reached XP level 8. HP: 71/71 MP: 11/11
  5465 | D:6      | Reached ** piety under Cheibriados
  5494 | D:6      | Reached skill level 7 in Fighting
  5619 | D:6      | Noticed Pikel
  5625 | D:6      | Mangled by an orc warrior

Illustrated notes

Levels and vault maps discovered:
D:1:      minmay_arrival_open_corners, layout_basic,
          dreamdust_ecumenical_altar_grove, serial_shops, shop_coins,
          shop_statue, nicolae_shop_statue_plus
D:2:      layout_loops_corners, st_stairs_1, eino_tiny_chamber, uniq_terence
D:3:      layout_basic, gup_sewer_entry_bowl
D:4:      layout_basic, okawaru_metal_pillars_1_2, mainiacjoe_overflow_alcove_1,
          chequers_temple_overflow_minitemple, minmay_temple_entry_poolview,
          serial_corexii_hall, chequers_hall_statues_y,
          chequers_hall_statues_wall_a, corexii_hall_statues_i,
          corexii_hall_statues_l
D:5:      layout_gridville
D:6:      layout_basic, chequers_serial_rivers_small_b, uniq_pikel
Temple:   hellmonk_temple_micro_hex

Skill      XL: |  1  2  3  4  5  6  7  8 |
---------------+-------------------------+-----
Conjurations   | 5 6 |  6.9
Fighting       | 2 4 6 7 |  7.0
Fire Magic     | 5 6 |  6.4
Dodging        | |  1.7
Stealth        | |  1.7
Spellcasting   | |  2.0

Action                   |  1- 3 |  4- 6 |  7- 9 || total
-------------------------+-------+-------+-------++-------
Melee: Dagger            |     9 |       |       ||     9
       Rapier            |    13 |       |       ||    13
       Tailslap          |     2 |     9 |     5 ||    16
       Short sword       |     6 |   103 |    47 ||   156
       Punch             |       |     1 |       ||     1
 Fire: Sling             |       |       |    69 ||    69
 Cast: Magic Dart        |    45 |    58 |     7 ||   110
       Searing Ray       |     3 |     9 |     5 ||    17
       Sticky Flame      |       |       |     3 ||     3
 Abil: Breathe Noxious F |       |       |     3 ||     3
  Use: Scroll            |       |     5 |       ||     5
 Stab: Sleeping          |     1 |     1 |     2 ||     4
Armor: Skin              |    12 |    39 |    34 ||    85
Dodge: Dodged            |    29 |    72 |    67 ||   168

Table legend: (Time is in decaauts)
 A = Elapsed time spent in this place.
 B = Non-inter-level travel time spent in this place.
 C = Inter-level travel time spent in this place.
 D = Time resting spent in this place.
 E = Time spent auto-exploring this place.
 F = Levels seen in this place.
 G = Mean time per level.
                   A        B        C        D        E       F      G
               +--------+--------+--------+--------+--------+-----+--------+
         Total |   6118 |   5934 |    184 |   1273 |   1076 |   8 |  764.8 |
       Dungeon |   5317 |   5133 |    184 |    817 |   1076 |   6 |  886.2 |
        Temple |     11 |     11 |      0 |      0 |      0 |   1 |   11.0 |
         Sewer |    788 |    788 |      0 |    456 |      0 |   1 |  788.0 |
               +--------+--------+--------+--------+--------+-----+--------+

Top non-repeatable levels by time:
     D:5: 1256 daAuts
     D:2: 1161 daAuts
     D:4: 1112 daAuts
   Sewer: 788 daAuts
     D:1: 731 daAuts
     D:3: 689 daAuts
     D:6: 366 daAuts
  Temple: 11 daAuts
